Map: Ruins of Seras

Players

LiquidBunny (Bunny)

  • Race: Terran Terran
  • League: Grandmaster

MajeStic - Winner!

  • Race: Protoss Protoss
  • League: Grandmaster

Event: DreamHack ROCCAT LotV Championship

VOD

Have the link to the VOD?

Description

Time

  • Played on: Nov. 26, 2015, 12:44 p.m.
  • Length: 15:26

All games in this series

Show
View Real Time Build Order
Export as new Build Order

LiquidBunny Terran 

Build Orders: Command Center First (CC), MMM Bio 

Get SALT Encoding   

  12  0:00  SCV  
  13  0:13  SCV  
  14  0:18  Supply Depot  
  14  0:25  SCV  
  15  0:40  SCV  
  16  0:52  SCV  
  17  1:01  Command Center  
  18  1:04  SCV  
  18  1:15  Barracks  
  18  1:17  SCV  
  19  1:29  SCV  
  19  1:32  Barracks  
  20  1:41  SCV  
  20  1:45  Barracks  
  21  1:52  Refinery  
  21  1:54  SCV  
  22  2:07  Orbital Command  
  22  2:15  Orbital Command  
  22  2:19  Marine  
  22  2:22  Marine  
  24  2:30  Bunker  
  24  2:33  SCV  
  24  2:36  Barracks Tech Lab  
  25  2:39  Marine  
  25  2:43  SCV  
  27  2:45  Marine  
  27  2:48  SCV  
  29  2:55  SCV  
  29  2:56  Marine  
  30  3:00  SCV  
  31  3:05  Stimpack  
  31  3:07  SCV  
  31  3:09  Supply Depot  
  31  3:10  Refinery  
  31  3:12  SCV, Marine  
  34  3:19  SCV, Engineering Bay  
  35  3:22  Marine  
  35  3:23  Marine  
  35  3:24  SCV  
  38  3:28  Supply Depot  
  38  3:31  SCV  
  38  3:33  Marine  
  40  3:36  SCV  
  41  3:42  Marine  
  41  3:44  SCV  
  41  3:48  Factory  
  43  3:50  Supply Depot  
  43  3:51  Missile Turret, Marine  
  43  3:54  SCV  
  45  3:56  SCV  
  46  4:02  Marine  
  46  4:03  Marine  
  46  4:06  SCV  
  46  4:08  SCV  
  50  4:10  Refinery  
  50  4:11  Terran Infantry Weapons Level 1  
  50  4:12  Marine  
  50  4:15  Supply Depot  
  51  4:18  SCV  
  51  4:20  SCV, Marine x2  
  55  4:29  Marine  
  55  4:30  SCV  
  55  4:31  Supply Depot  
  57  4:32  Starport  
  57  4:33  Factory Reactor  
  57  4:34  SCV  
  58  4:42  SCV  
  59  4:46  SCV  
  59  4:47  Barracks Reactor, Supply Depot  
  59  4:48  Barracks Tech Lab  
  60  4:55  SCV  
  60  5:00  Command Center  
  60  5:01  SCV  
  60  5:04  Refinery  
  60  5:06  Combat Shields, Marine  
  62  5:09  Concussive Shells  
  62  5:13  Supply Depot  
  62  5:14  SCV x2  
  63  5:18  Medivac  
  63  5:20  Medivac  
  63  5:21  Marine  
  68  5:23  Marine x2  
  71  5:29  Factory Reactor, Marauder  
  71  5:33  SCV x2  
  75  5:41  Barracks  
  75  5:43  Barracks  
  75  5:44  Marine x2  
  75  5:46  Marauder  
  80  5:50  SCV, Supply Depot  
  80  5:55  Marauder  
  82  5:57  Medivac x2  
  82  5:58  SCV  
  82  6:03  Supply Depot  
  87  6:04  SCV  
  87  6:07  Marauder  
  87  6:10  SCV, Terran Infantry Armor Level 1  
  87  6:11  Marine x2  
  93  6:16  SCV  
  96  6:18  Marauder  
  96  6:22  SCV  
  97  6:28  SCV, Marauder  
  100  6:34  SCV  
  100  6:36  Orbital Command  
  100  6:39  Barracks Reactor, Barracks Tech Lab, Marine  
  101  6:40  SCV  
  101  6:45  Marine  
  101  6:46  SCV, Marauder  
  107  6:52  Widow Mine x2  
  107  6:53  SCV, Armory  
  112  6:56  Engineering Bay, Marauder  
  112  6:57  Marine  
  112  6:58  SCV  
  116  7:03  SCV  
  116  7:05  SCV  
  116  7:07  Supply Depot, Marauder x2, Marine  
  123  7:09  Medivac  
  125  7:16  Supply Depot  
  125  7:17  Supply Depot  
  125  7:24  Supply Depot  
  125  7:25  SCV x3, Supply Depot, Marine  
  125  7:26  Marine, Marauder  
  125  7:29  Marauder  
  133  7:31  Marauder, Marine  
  133  7:35  Marine  
  136  7:37  SCV x2  
  136  7:43  Marine  
  139  7:44  Marine  
  139  7:47  Marauder  
  139  7:48  Marine  
  139  7:50  Marauder  
  145  7:53  Marauder  
  145  7:57  Marine  
  141  8:01  SCV, Marine  
  131  8:08  Marauder  
  131  8:09  Marine x2  
  131  8:11  Marauder, Terran Infantry Weapons Level 2, Terran Infantry Armor Level 2  
  127  8:14  Marauder, Widow Mine x2  
  127  8:15  Marine  
  127  8:17  Missile Turret  
  127  8:19  Marine  
  135  8:26  Marine  
  135  8:27  Barracks x2, Marine  
  136  8:28  Barracks  
  136  8:30  Marauder  
  136  8:33  Marauder  
  140  8:35  Marauder  
  140  8:36  Marine  
  140  8:37  Marine  
  144  8:44  Terran Vehicle And Ship Armor Level 1, Marine x2  
  144  8:45  Supply Depot, Medivac  
  144  8:47  Widow Mine  
  150  8:51  Marauder  
  150  8:54  Marauder, Marine  
  150  8:55  Marine  
  156  8:57  Marauder  
  156  9:02  Marine x2  
  156  9:12  Marine  
  156  9:13  Marauder  
  156  9:15  Marauder  
  161  9:18  Marauder  
  161  9:21  Marine x2  
  161  9:22  Refinery  
  161  9:23  Refinery  
  165  9:24  Command Center  
  165  9:32  Marine  
  165  9:34  Marauder  
  165  9:35  Marine  
  165  9:37  Marauder  
  165  9:38  Marine  
  171  9:40  Marauder  
  166  9:48  Marine  
  166  9:49  SCV  
  166  9:51  Marine  
  166  9:52  Marine  
  141  9:55  Marauder  
  141  9:57  Marine  
  141  9:58  Marauder  
  127  10:01  Marauder  
  127  10:06  Barracks Tech Lab x3  
  127  10:07  Marine  
  124  10:08  Medivac  
  124  10:09  Medivac, Marine  
  124  10:12  Marine  
  130  10:14  Marine  
  130  10:17  Marauder  
  130  10:20  Marauder  
  132  10:21  Starport  
  132  10:22  Marauder  
  132  10:24  Marine  
  135  10:31  Marine  
  135  10:32  Marauder x2, Marine  
  135  10:33  Terran Infantry Weapons Level 3  
  141  10:35  Marine  
  141  10:36  Marauder  
  141  10:38  Marauder  
  141  10:39  Medivac x2  
  141  10:41  Marauder  
  141  10:42  Marine  
  152  10:44  Marauder  
  154  10:50  Marine  
  154  10:52  Planetary Fortress  
  154  10:53  Marauder, Orbital Command  
  154  10:56  Marauder, Marine  
  158  11:01  Terran Vehicle Weapons Level 1  
  158  11:09  Viking  
  158  11:10  Viking  
  160  11:13  Viking  
  162  11:19  Refinery  
  162  11:20  Refinery  
  162  11:23  Viking  
  164  11:32  Marauder x3, Marine x3  
  173  11:40  Viking x2  
  173  11:42  Marine x2  
  173  11:43  Marauder  
  181  11:50  Ghost Academy  
  181  11:51  Marauder, Marine x2  
  181  11:53  Marauder  
  187  11:57  Viking  
  189  12:19  Supply Depot  
  189  12:38  Marine  
  189  12:40  Viking  
  197  12:56  Viking x2  
  197  12:57  Viking  
  196  13:09  Ghost  
  196  13:10  Ghost x2  
  196  13:12  Viking  
  197  13:15  Command Center  
  197  13:19  Ghost  
  199  13:45  Ghost  
  199  13:47  Ghost  
  199  13:54  Ghost x4, Marine x2  
  199  13:55  Marine  
  194  14:00  Marine  
  164  14:12  Marine x3  
  164  14:14  Marauder  
  164  14:16  Marauder  
  113  14:18  Marine  
  113  14:23  Marauder x4  
  106  14:30  Marine x3  
  106  14:35  Marine  
  106  14:36  Marauder  
  106  14:38  Marauder  
  106  14:44  Marauder x2, Marine  
  106  14:45  Marauder  
  106  14:48  Marine x3  
  106  14:57  Marauder  
  106  14:59  Marauder  
Show
View Real Time Build Order
Export as new Build Order

MajeStic Protoss - Winner!

Build Orders: 1 Gate Expand 

Get SALT Encoding   

  12  0:00  Probe (Chrono Boost)  
  13  0:11  Probe (Chrono Boost)  
  14  0:18  Pylon  
  14  0:22  Probe (Chrono Boost)  
  15  0:36  Probe (Chrono Boost)  
  15  0:38  Gateway  
  16  0:42  Assimilator  
  16  0:47  Probe (Chrono Boost)  
  17  0:57  Probe (Chrono Boost)  
  18  1:08  Probe (Chrono Boost)  
  19  1:18  Probe (Chrono Boost)  
  19  1:24  Nexus  
  20  1:35  Cybernetics Core  
  20  1:38  Probe (Chrono Boost)  
  21  1:44  Assimilator  
  21  1:51  Pylon  
  22  1:54  Probe (Chrono Boost)  
  22  2:04  Probe (Chrono Boost)  
  23  2:12  Stalker  
  27  2:15  Mothership Core (Chrono Boost)  
  27  2:17  Warp Gate  
  27  2:34  Probe (Chrono Boost)  
  27  2:36  Probe (Chrono Boost)  
  29  2:42  Stalker  
  32  2:44  Probe (Chrono Boost)  
  32  2:47  Probe (Chrono Boost)  
  33  2:55  Probe (Chrono Boost)  
  33  2:57  Probe (Chrono Boost)  
  35  3:05  Probe (Chrono Boost)  
  36  3:08  Probe (Chrono Boost)  
  37  3:15  Sentry  
  37  3:16  Probe (Chrono Boost)  
  37  3:18  Probe (Chrono Boost)  
  41  3:24  Nexus  
  41  3:26  Probe (Chrono Boost)  
  42  3:29  Probe (Chrono Boost)  
  43  3:37  Probe (Chrono Boost), Twilight Council  
  43  3:40  Pylon  
  44  3:43  Probe (Chrono Boost)  
  45  3:50  Forge  
  45  3:52  Probe (Chrono Boost)  
  46  3:56  Pylon  
  46  3:58  Sentry, Probe (Chrono Boost)  
  50  4:03  Probe (Chrono Boost)  
  50  4:07  Assimilator  
  50  4:08  Protoss Ground Weapons Level 1, Assimilator  
  50  4:12  Probe (Chrono Boost)  
  51  4:19  Probe (Chrono Boost)  
  51  4:22  Pylon  
  51  4:23  Pylon  
  52  4:24  Blink (Chrono Boost)  
  52  4:27  Probe  
  52  4:30  Probe  
  54  4:35  Probe  
  55  4:39  Probe  
  55  4:41  Gateway x2  
  55  4:44  Probe  
  57  4:46  Probe  
  58  4:57  Probe x3, Robotics Facility  
  61  5:08  Probe  
  61  5:09  Probe x2  
  61  5:13  Pylon  
  64  5:15  Gateway  
  64  5:16  Gateway  
  64  5:19  Probe  
  64  5:21  Probe x2  
  67  5:24  Sentry  
  69  5:29  Probe  
  69  5:33  Gateway, Probe x2  
  69  5:34  Gateway  
  72  5:36  Sentry  
  72  5:37  Sentry  
  72  5:39  Pylon  
  76  5:45  Probe  
  76  5:46  Protoss Ground Weapons Level 2  
  76  5:47  Probe x2  
  76  5:49  Pylon  
  79  5:51  Observer (Chrono Boost)  
  79  5:55  Stalker  
  79  5:56  Pylon  
  82  5:57  Probe  
  82  6:00  Probe  
  82  6:01  Stalker x2  
  88  6:09  Observer  
  88  6:10  Resonating Glaives (Chrono Boost)  
  89  6:21  Gateway  
  89  6:24  Gateway  
  87  6:26  Stalker x3  
  93  6:34  Stalker x2  
  97  6:40  Immortal  
  101  6:47  Probe, Pylon  
  101  6:49  Assimilator  
  101  6:50  Robotics Facility  
  101  6:52  Robotics Bay, Assimilator  
  102  6:58  Adept x2  
  107  7:05  Adept x3  
  107  7:08  Pylon  
  111  7:10  Pylon  
  111  7:12  Adept  
  111  7:14  Adept, Warp Prism  
  114  7:17  Photon Cannon  
  114  7:19  Pylon  
  114  7:33  Stalker x4, Adept  
  124  7:42  Photon Cannon  
  124  7:43  Colossus, Adept  
  130  7:55  Protoss Ground Armor Level 1  
  119  8:04  Adept x2  
  119  8:05  Adept x4  
  125  8:13  Colossus  
  131  8:33  Adept x3  
  137  8:38  Nexus  
  137  8:41  Pylon  
  135  8:42  Colossus  
  135  8:47  Assimilator  
  135  8:48  Pylon  
  135  8:50  Assimilator  
  135  8:53  Pylon  
  135  8:55  Extended Thermal Lance (Chrono Boost)  
  141  9:16  Stalker x3  
  141  9:17  Stalker x2  
  143  9:18  Stalker x2  
  143  9:22  Adept  
  151  9:28  Colossus, Pylon  
  151  9:29  Stalker  
  157  9:44  Stalker x2  
  153  9:48  Adept x2  
  135  9:53  Stalker  
  125  10:04  Stalker, Sentry, Adept x2  
  125  10:07  Probe  
  128  10:16  Observer  
  128  10:17  Probe  
  128  10:22  Colossus  
  128  10:23  Templar Archives  
  128  10:32  Adept  
  128  10:33  Adept  
  128  10:34  Observer  
  137  10:50  Stalker  
  137  10:51  Stalker, Adept x4  
  149  11:01  Photon Cannon  
  149  11:02  Photon Cannon  
  149  11:04  High Templar x2  
  149  11:05  High Templar  
  153  11:11  Protoss Ground Weapons Level 3 (Chrono Boost)  
  153  11:14  Archon  
  153  11:18  Adept x2  
  157  11:20  High Templar  
  157  11:25  Archon  
  159  11:27  Probe  
  159  11:28  Probe x2  
  159  11:29  Probe  
  163  11:33  High Templar x2  
  163  11:37  Psionic Storm  
  167  11:40  Probe  
  168  11:49  Colossus  
  173  12:07  High Templar x2  
  175  12:21  Adept x2  
  175  12:22  Adept x5  
  189  12:31  Colossus  
  191  12:45  Adept x2  
  191  12:46  Adept x2  
  189  13:14  Warp Prism  
  191  13:20  Adept x4  
  199  13:47  Colossus  
  199  13:49  Nexus  
  199  13:54  Colossus  
  200  14:00  Archon x2  
  200  14:09  Stalker x5  
  172  14:12  High Templar x2  
  172  14:13  High Templar x2  
  148  14:21  Archon  
  148  14:22  Archon  

Tags
 
Add a new tag
Caveats
  • Supply blocks, unpowered buildings, or Contaminate may cause inaccurate times.
  • Supply counts are checked every 10 seconds.